 Dungeon Crawl Stone Soup version 0.29.0-4-gdea44cf6ec (webtiles) character file.

Game seed: 6078405247725264494

79 qw the Chopper (level 4, 0/26 HPs)
             Began as a Tengu Warper on Aug 28, 2022.
             Succumbed to a scorpion's poison
             ... on level 4 of the Dungeon.
             The game lasted 00:00:15 (3247 turns).

qw the Chopper (Tengu Warper)                       Turns: 3247, Time: 00:00:15

Health: 0/26       AC:  8    Str: 15    XL:     4   Next: 38%
Magic:  11/17      EV:  7    Int: 14    God:
Gold:   97         SH:  0    Dex: 15    Spells: 7/7 levels left

rFire   . . .      SeeInvis .   Y - +0 hand axe
rCold   + . .      Faith    .   (no shield)
rNeg    . . .      Spirit   +   g - +0 chain mail
rPois   .          Reflect  .   (helmet restricted)
rElec   .          Harm     .   (no cloak)
rCorr   .          Rampage  .   (no gloves)
Will    +....                   (boots unavailable)
Stlth   ..........              c - amulet "Dedimp" {Spirit Dex+2}
HPRegen 0.08/turn               e - ring of willpower
MPRegen 0.15/turn               a - ring "Joir" {rC+ MP+9 Str+2}

@: lethally poisoned (0 -> -9)
A: beak, talons 3
a: no special abilities


You were on level 4 of the Dungeon.
You visited 1 branch of the dungeon, and saw 4 of its levels.

You collected 97 gold pieces.


Innate Abilities, Weirdness & Mutations

You have a beak for a mouth.
You have claws for feet.


   Skills:
 - Level 2.0 Fighting
 + Level 5.0 Axes
 - Level 1.0 Throwing
 - Level 1.1 Armour
 - Level 2.1 Dodging
 - Level 2.0 Spellcasting
 - Level 2.4 Translocations


You had 7 spell levels left.
You didn't know any spells.
Your spell library contained the following spells:

 Spells                   Type           Power      Damage    Failure   Level
 Blink                    Tloc           16%        N/A       97%         2
 Gell's Gravitas          Tloc           8%         N/A       99%         3
 Lesser Beckoning         Tloc           8%         N/A       99%         3
 Teleport Other           Tloc           8%         N/A       99%         3
 Manifold Assault         Tloc           8%         N/A       100%        5

Inventory:

Hand Weapons
 d - a +0 whip
 Y - a +0 hand axe (weapon)
Armour
 g - a +0 chain mail (worn)
Jewellery
 a - the ring "Joir" (right hand) {rC+ MP+9 Str+2}
   (You acquired it on level 1 of the Dungeon)

   [ring of protection from cold]

   Str:       It affects your strength (+2).
   rC:        It protects you from cold.
   MP:        It affects your magic capacity (+9).
 c - the amulet "Dedimp" (around neck) {Spirit Dex+2}
   (You found it on level 2 of the Dungeon)

   [amulet of guardian spirit]

   It causes incoming damage to be divided between your reserves of health and
   magic.
   Dex:       It affects your dexterity (+2).
 e - a ring of willpower (left hand)
Potions
 i - a potion of lignification {unknown}
 l - a potion of curing {unknown}
 m - a potion of might {unknown}
 n - a potion of attraction {unknown}

Dungeon Overview and Level Annotations

Branches:
Dungeon (4/15)
 Temple: D:4-7

Altars:
Makhleb


Message History

The scorpion is severely wounded.
The scorpion stings you but does no damage.
You closely miss the scorpion.
You peck the scorpion, but do no damage.
You punch the scorpion, but do no damage.
The scorpion is severely wounded.
The scorpion stings you but does no damage.
You hit the scorpion but do no damage.
You peck the scorpion, but do no damage.
The scorpion is severely wounded.
The scorpion stings you.
You are poisoned.
The scorpion poisons you! The scorpion barely misses you.
You hit the scorpion but do no damage.
The scorpion is severely wounded.
You feel sick. The scorpion stings you.
You closely miss the scorpion. Your kick misses the scorpion.
The scorpion is severely wounded.
You feel sick. The scorpion stings you.
You are lethally poisoned!
The scorpion poisons you!
You closely miss the scorpion. Your kick misses the scorpion.
Your peck misses the scorpion.
The scorpion is severely wounded.
You feel very sick. The scorpion barely misses you.
You hit the scorpion but do no damage.
You claw the scorpion, but do no damage.
Your peck misses the scorpion.
The scorpion is severely wounded.
You feel very sick.
The scorpion stings you but does no damage.
You hit the scorpion but do no damage. Your kick misses the scorpion.
The scorpion is severely wounded.
You feel very sick. The scorpion closely misses you.
The scorpion stings you but does no damage.
You hit the scorpion.
The scorpion is almost dead.
You die...

#.# #.#
##)##
##...##
.....
...######
#.#......
#@s# #.##
#.# #.#
#.###
##...##
###.###.##
# ### #..##
##.####...#
##.####..#
#.........


You could see a scorpion.

Vanquished Creatures
  3 adders
  A worm (D:2)
  2 orcs (D:3)
  2 ball pythons
  4 endoplasms
  4 giant cockroaches (D:1)
  3 goblins
  5 hobgoblins
  2 jackals (D:4)
  2 quokkas (D:1)
  3 bats
  5 frilled lizards
  6 kobolds
  3 rats
45 creatures vanquished.

Notes
Turn   | Place    | Note
-------+----------+-------------------------------------------
     0 | D:1      | qw the Tengu Warper began the quest for the Orb.
     0 | D:1      | Reached XP level 1. HP: 12/12 MP: 4/4
     0 | D:1      | 0 ||| qw: Version: 0.1-a-89-g26bdef1
     0 | D:1      | 0 ||| qw: Game counter: 426
     0 | D:1      | 0 ||| qw: Always use a shield: true
     0 | D:1      | 0 ||| qw: God list: Okawaru
     0 | D:1      | 0 ||| qw: Allow faded altars: false
     0 | D:1      | 0 ||| qw: Do Orc after D:15 true
     0 | D:1      | 0 ||| qw: Do second Lair branch before Depths: true
     0 | D:1      | 0 ||| qw: Lair rune preference: random
     0 | D:1      | 0 ||| qw: Plans: Normal
     0 | D:1      | 0 ||| PLANNING D:1-11
   233 | D:1      | Found a faded altar of an unknown god.
   566 | D:1      | Reached XP level 2. HP: 17/17 MP: 6/6
   609 | D:1      | Reached skill level 3 in Axes
  1379 | D:1      | Reached XP level 3. HP: 13/21 MP: 7/7
  1522 | D:1      | 1522 ||| UPGRADING to +0 chain mail.
  1532 | D:1      | 1532 ||| DROPPING +0 leather armour.
  1533 | D:1      | 1533 ||| UPGRADING to ring of willpower.
  1534 | D:1      | 1534 ||| READING scroll labelled LOCSIM NEAMM.
  1534 | D:1      | Identified a scroll of acquirement
  1534 | D:1      | 1534 ||| ACQUIRING ring "Joir" {rC+ MP+9 Str+2}
  1534 | D:1      | Acquired the ring "Joir" {rC+ MP+9 Str+2}
  1536 | D:1      | 1536 ||| UPGRADING to ring "Joir" {rC+ MP+9 Str+2}.
  1597 | D:1      | 1597 ||| READING scroll labelled APTENU HEMEUZURGH.
  1598 | D:1      | 1598 ||| READING scroll labelled TOWYSTR MI EKEU.
  1599 | D:1      | 1599 ||| READING scroll labelled BUGAIDAILU.
  1602 | D:1      | 1602 ||| READING scroll labelled MOLAIG RACIMIUCS.
  1603 | D:1      | 1603 ||| DROPPING scroll of blinking.
  1655 | D:2      | 1655 ||| Stepping ~*~*~tactically~*~*~ (stealth).
  1656 | D:2      | 1656 ||| Stepping ~*~*~tactically~*~*~ (stealth).
  1850 | D:2      | Identified the amulet "Dedimp" {Spirit Dex+2}
  1920 | D:2      | Reached skill level 4 in Axes
  2102 | D:2      | 2102 ||| UPGRADING to amulet "Dedimp" {Spirit Dex+2}.
  2107 | D:2      | 2107 ||| DROPPING amulet of faith.
  2108 | D:2      | 2108 ||| READING scroll labelled JITE VITTOUGAFFO.
  2109 | D:2      | 2109 ||| READING 2 scrolls labelled MAPINU QACI.
  2110 | D:2      | 2110 ||| READING scroll labelled WIMEVOUCKI.
  2111 | D:2      | 2111 ||| DRINKING 2 inky potions.
  2216 | D:2      | 2216 ||| DROPPING scroll of butterflies.
  2217 | D:2      | 2217 ||| DROPPING potion of berserk rage.
  2321 | D:3      | 2321 ||| DROPPING +0 club.
  2410 | D:3      | Found a burning altar of Makhleb.
  2528 | D:3      | Reached XP level 4. HP: 18/26 MP: 8/8
  3094 | D:3      | 3094 ||| READING scroll labelled DUHOMP SIOME.
  3095 | D:3      | 3095 ||| DRINKING 2 sapphire potions.
  3096 | D:3      | 3096 ||| DROPPING potion of brilliance.
  3172 | D:4      | Reached skill level 5 in Axes
  3230 | D:4      | Noticed a scorpion
  3245 | D:4      | HP: 5/26 [poisoned by a scorpion]
  3246 | D:4      | HP: 2/26 [poisoned by a scorpion]
  3247 | D:4      | Succumbed to a scorpion's poison

Levels and vault maps discovered:
D:1:      lemuel_arrival_muddy, layout_basic, nicolae_ecumenical_lake_church
D:2:      layout_rooms
D:3:      layout_loops_ring, general_overflow_altar, kennysheep_boxes
D:4:      layout_loops_corners, zin_scriptorium, overflow_temple_1_default,
          nicolae_uskayaw_suspiria, minmay_temple_entry_proselytizer,
          chequers_decorated_corner, uniq_grinder

Skill      XL: |  1  2  3  4 |
---------------+-------------+-----
Axes           | 3 4 5 |  5.0
Fighting       | |  2.0
Throwing       | |  1.0
Armour         | |  1.1
Dodging        | |  2.1
Spellcasting   | |  2.0
Translocations | |  2.4

Action                   |  1- 3 |  4- 6 || total
-------------------------+-------+-------++-------
Melee: Hand axe          |    78 |    31 ||   109
       Peck              |    12 |     6 ||    18
       Kick              |    17 |     8 ||    25
       Punch             |       |     1 ||     1
Throw: Boomerang         |     7 |       ||     7
  Use: Scroll            |     8 |     1 ||     9
       Potion            |     1 |     1 ||     2
Armor: Leather armour    |     9 |       ||     9
       Chain mail        |    12 |    19 ||    31
Dodge: Dodged            |    23 |     8 ||    31

Table legend:
 A = Non-vault XP
 B = Vault XP
 C = Vault XP percentage of total XP
 D = Non-vault monster count
 E = Vault monster count
 F = Vault count percentage of total count
                 A         B        C        D         E       F
            +---------+---------+-------+---------+---------+-------
      Total |     114 |       0 |   0.0 |      45 |       0 |   0.0
            +---------+---------+-------+---------+---------+-------
        D:1 |      34 |       0 |   0.0 |      19 |       0 |   0.0
        D:2 |      21 |       0 |   0.0 |      12 |       0 |   0.0
        D:3 |      41 |       0 |   0.0 |      11 |       0 |   0.0
        D:4 |      18 |       0 |   0.0 |       3 |       0 |   0.0
            +---------+---------+-------+---------+---------+-------
